 Dungeon Crawl Stone Soup version 0.32-a0-938-g40ac7a0f4d (webtiles) character file.

Game seed: 15502383830538063017

173 Revguard the Trooper (level 5, -1/41 HPs)
             Began as a Demonspawn Fighter on Apr 15, 2024.
             Slain by a gnoll
             ... wielding a +0 flail
              (5 damage)
             ... on level 3 of the Dungeon.
             The game lasted 00:05:06 (1532 turns).

Revguard the Trooper (Demonspawn Fighter)           Turns: 1532, Time: 00:05:06

Health: -1/41      AC: 11    Str: 19    XL:     5   Next: 28%
Magic:  6/6        EV:  6    Int:  8    God:
Gold:   108        SH:  4    Dex: 12    Spells: 4/4 levels left

rFire   . . .        a - +0 war axe
rCold   . . .        c - +0 buckler
rNeg    . . .        h - +0 plate armour
rPois   .            (helmet restricted)
rElec   .            (no cloak)
rCorr   .            (no gloves)
SInv    +            (no boots)
Will    .....        (no amulet) Stlth
                     f - ring of see invisible
HPRegen 0.26/turn    (no ring)
MPRegen 0.10/turn

%: no passive effects
@: no status effects
A: antennae 1, repulsion field 1
a: no special abilities


You were on level 3 of the Dungeon.
You visited 1 branch of the dungeon, and saw 3 of its levels.

You collected 108 gold pieces.

Inventory:

Hand Weapons
 a - a +0 war axe (weapon)
Armour
 b - a +0 scale mail
 c - a +0 buckler (worn)
 e - a +0 tower shield
 h - a +0 plate armour (worn)
Jewellery
 f - a ring of see invisible (left hand)
 j - a ring of protection from fire


   Skills:
 + Level 3.5 Fighting
 * Level 2.6 Axes
 + Level 3.1 Armour
 + Level 1.3 Dodging
 * Level 3.3 Shields
 + Level 2.3 Invocations
 + Level 1.2 Evocations


You had 4 spell levels left.
You didn't know any spells.
Your spell library contained the following spells:

 Spells                   Type           Power      Damage    Failure   Level
 Summon Small Mammal      Summ           0%         N/A       100%        1
 Call Canine Familiar     Summ           0%         N/A       100%        3
 Summon Blazeheart Golem  Fire/Summ      0%         N/A       100%        4


Dungeon Overview and Level Annotations

Branches:
Dungeon (3/15)

Altars:

Shops:
D:2 [


Innate Abilities, Weirdness & Mutations

You have a pair of small antennae on your head.
You are surrounded by a mild repulsion field. (EV +2)


Message History

You barely miss the gnoll.
The gnoll is almost dead.
The gnoll hits you with a +0 halberd! The gnoll completely misses you.
You closely miss the gnoll.
The gnoll is almost dead.
The gnoll hits you with a +0 halberd.
You closely miss the gnoll.
The gnoll is almost dead.
The gnoll hits you with a +0 halberd. The gnoll barely misses you.
You barely miss the gnoll.
The gnoll is almost dead.
The gnoll misses you.
You barely miss the gnoll.
The gnoll is almost dead.
The gnoll barely misses you. x2
You hit the gnoll.
You kill the gnoll!
You hit the gnoll.
The gnoll is moderately wounded.
The gnoll hits you with a +0 club.
You slash the gnoll!
You kill the gnoll!
The gnoll hits you with a +0 flail!
* * * LOW HITPOINT WARNING * * *
You closely miss the gnoll. You block the gnoll's attack.
You barely miss the gnoll. The gnoll hits you with a +0 flail.
* * * LOW HITPOINT WARNING * * *
You hit the gnoll but do no damage. The gnoll hits you but does no damage.
The gnoll hits you with a +0 flail.
* * * LOW HITPOINT WARNING * * *
It was a potion of magic.
Magic courses through your body. The gnoll barely misses you.
You slash the gnoll!
The gnoll is almost dead.
The gnoll hits you with a +0 flail.
* * * LOW HITPOINT WARNING * * *
You closely miss the gnoll.
The gnoll is almost dead.
The gnoll hits you with a +0 flail.
You die...

# #.##.#######..
#.#.##.........
#.#.##:.....# #
#.....†....#
##.###..#...#.#
........##....#
##.##...####..###
#...# #....#
#...# #.##@#
#...# #.##g#
#............
#.#.###.......
#.#.# #..##.###
#.#.# #.. #.#
#.#.. .. .#. ..#
### # #


You could see a gnoll.

Vanquished Creatures
  Natasha (thrice) (D:2)
  2 gnolls (D:3)
  An adder (D:2)
  2 ribbon worms (D:2)
  A dart slug (D:1)
  7 ball pythons
  4 bats
  6 endoplasms
  4 giant cockroaches
  7 hobgoblins
  4 jackals (D:1)
  A quokka (D:1)
  3 frilled lizards
  2 goblins (D:2)
  9 kobolds
  8 rats
64 creatures vanquished.

Notes
Turn   | Place    | Note
-------+----------+-------------------------------------------
     0 | D:1      | Revguard the Demonspawn Fighter began the quest for the
                  | Orb.
     0 | D:1      | Reached XP level 1. HP: 18/18 MP: 1/1
    49 | D:1      | Gained mutation: You have a pair of small antennae on your
                  | head. [demonic ancestry]
    49 | D:1      | Reached XP level 2. HP: 9/24 MP: 2/2
   184 | D:1      | Reached skill level 1 in Invocations
   355 | D:1      | Reached XP level 3. HP: 23/29 MP: 3/3
   837 | D:2      | Noticed Natasha
   840 | D:2      | Reached XP level 4. HP: 34/35 MP: 5/5
   844 | D:2      | Reached skill level 1 in Dodging
   850 | D:2      | Killed Natasha
   896 | D:2      | Noticed Natasha
   905 | D:2      | Killed Natasha
   906 | D:2      | Reached skill level 1 in Evocations
  1050 | D:2      | Found Kacuo's Antique Armour Emporium.
  1228 | D:2      | Noticed Natasha
  1241 | D:2      | Killed Natasha
  1242 | D:2      | Gained mutation: You are surrounded by a mild repulsion
                  | field. (EV +2) [demonic ancestry]
  1242 | D:2      | Reached XP level 5. HP: 29/41 MP: 6/6
  1532 | D:3      | Slain by a gnoll

Illustrated notes

Levels and vault maps discovered:
D:1:      sevenhm_arrival_forest_fort_small_3, layout_rooms,
          grunt_decor_mini_mirrors
D:2:      layout_basic, serial_shops, nicolae_shop_tiny_statue_garden,
          roderic_cross_of_infinity, nicolae_figureground_sparkle, uniq_natasha
D:3:      layout_loops_ring, mainiacjoe_sewer_entry_somewhere_in_here_1,
          serial_shops, shop

Skill      XL: |  1  2  3  4 |
---------------+-------------+-----
Axes           | 2 |  2.6
Invocations    | 1 2 |  2.3
Armour         | 3 |  3.1
Shields        | 3 |  3.3
Dodging        | 1 |  1.3
Evocations     | 1 |  1.2
Fighting       | |  3.5

Action                     |  1- 3 |  4- 6 || total
---------------------------+-------+-------++-------
  Melee: War axe           |   132 |    52 ||   184
    Use: Potion            |       |     2 ||     2
         Scroll            |       |     1 ||     1
 Armour: Scale mail        |    77 |       ||    77
         Plate armour      |    51 |   100 ||   151
  Dodge: Dodged            |    54 |    24 ||    78
  Block: Buckler           |    43 |    19 ||    62

Table legend: (Time is in decaauts)
 A = Elapsed time spent in this place.
 B = Non-inter-level travel time spent in this place.
 C = Inter-level travel time spent in this place.
 D = Time resting spent in this place.
 E = Time spent auto-exploring this place.
 F = Levels seen in this place.
 G = Mean time per level.
                   A        B        C        D        E       F      G
               +--------+--------+--------+--------+--------+-----+--------+
         Total |   1636 |   1608 |     28 |      0 |   1122 |   3 |  545.3 |
       Dungeon |   1636 |   1608 |     28 |      0 |   1122 |   3 |  545.3 |
               +--------+--------+--------+--------+--------+-----+--------+

Top non-repeatable levels by time:
     D:2: 951 daAuts
     D:1: 637 daAuts
     D:3: 47 daAuts
